 Dungeon Crawl Stone Soup version 0.22.1-5-g62c59d9 (webtiles) character file.

102 Krotera the Chopper (level 4, -1/40 HPs)
             Began as a Hill Orc Fighter on Jan 11, 2019.
             Slain by a big kobold
             ... wielding a +0 short sword of chaos
              (2 damage)
             ... on level 3 of the Dungeon.
             The game lasted 00:09:33 (1364 turns).

Krotera the Chopper (Hill Orc Fighter)              Turns: 1364, Time: 00:09:35

Health: -1/40      AC:  9    Str: 18    XL:     4   Next: 77%
Magic:  4/4        EV:  5    Int:  8    God:
Gold:   48         SH:  9    Dex: 11    Spells: 3/3 levels left

rFire    . . .     SeeInvis .   a - +0 war axe
rCold    . . .     Gourm    .   c - +0 shield
rNeg     . . .     Faith    .   e - +0 chain mail
rPois    .         Spirit   .   (no helmet)
rElec    .         Reflect  .   (no cloak)
rCorr    .         Harm     .   (no gloves)
MR       .....                  (no boots)
Stlth    ..........             (no amulet)
HPRegen  0.13/turn              (no ring)
MPRegen  0.09/turn              (no ring)

@: lethally poisoned (-1 -> -8), hasted and slowed, drained
A: no striking features
a: no special abilities


You were on level 3 of the Dungeon.
You were near starving.

You visited 1 branch of the dungeon, and saw 3 of its levels.

You collected 48 gold pieces.

Inventory:

Hand Weapons
 a - a +0 war axe (weapon)
Armour
 c - a +0 shield (worn)
 e - a +0 chain mail (worn)
Scrolls
 b - a scroll of remove curse {unknown}
 h - a scroll of enchant armour {unknown}
Potions
 d - a potion of might
 g - a potion of berserk rage {unknown}
 i - a potion of ambrosia {unknown}
Comestibles
 f - a ration


   Skills:
 + Level 4.2 Fighting
 + Level 4.4 Axes
 + Level 4.0 Armour
 + Level 0.1 Dodging
 + Level 3.8 Shields


You had 3 spell levels left.
You didn't know any spells.
Your spell library was empty.

Dungeon Overview and Level Annotations

Branches:
Dungeon (3/15)

Altars:
Xom

Annotations:
D:3 bande's ghost, amateur GrFi


Message History

You block the kobold's attack.
Bande's ghost hits you but does no damage.
The big kobold hits you but does no damage.
Space bends around you.
* * * LOW HITPOINT WARNING * * *
The big kobold barely misses you.
The kobold hits you with a dagger of chaos.
* * * LOW HITPOINT WARNING * * *
You feel as though you will be slow longer.
You block the kobold's attack.
* * * LOW HITPOINT WARNING * * *
You feel sick.
You closely miss the big kobold. You hit bande's ghost but do no damage.
You slash the big kobold!
* * * LOW HITPOINT WARNING * * *
You feel sick.
Bande's ghost hits you but does no damage.
You block the big kobold's attack.
The big kobold hits you with a short sword of chaos.
You die...

#. #. #.## # ###..# #.♣.##.#
....#)########
..###.KK.........#
(.....'WKK...# #.#
..###KKK@###.# #.# ###.....#K.#
#.# #.# #.##.♣.##÷÷# #.# #.#
#.######...# #.# #.#
####.....##.#.###.###.######.#
...........##.#.##)..)..........
#########....(....).###.########
##..........# #... ####)#######
#####


You could see 2 big kobolds, bande's ghost and 6 kobolds.

Vanquished Creatures
  An orc wizard (D:3)
  Robin (D:3)
  An adder (D:2)
  A worm (D:3)
  A dart slug (D:1)
  A leopard gecko (D:1)
  3 orcs (D:3)
  4 bats
  A giant cockroach (D:3)
  10 goblins
  6 hobgoblins
  3 jackals (D:3)
  5 kobolds
  4 frilled lizards (D:1)
  2 rats (D:1)
44 creatures vanquished.

Vanquished Creatures (others)
  4 plants (D:3)
4 creatures vanquished.

Grand Total: 48 creatures vanquished

Notes
Turn   | Place    | Note
-------+----------+-------------------------------------------
     0 | D:1      | Krotera the Hill Orc Fighter began the quest for the Orb.
     0 | D:1      | Reached XP level 1. HP: 19/19 MP: 1/1
    75 | D:1      | Reached XP level 2. HP: 25/27 MP: 2/2
   417 | D:2      | Found a shimmering altar of Xom.
   436 | D:2      | Reached XP level 3. HP: 15/33 MP: 3/3
  1029 | D:3      | Found a runed gate.
  1030 | D:3      | Noticed bande's ghost (amateur GrFi)
  1033 | D:3      | Found a runed gate.
  1034 | D:3      | Noticed a big kobold
  1035 | D:3      | Noticed Robin
  1082 | D:3      | Killed Robin
  1085 | D:3      | Reached XP level 4. HP: 17/40 MP: 4/4
  1104 | D:3      | Noticed a big kobold
  1105 | D:3      | Found a runed gate.
  1362 | D:3      | HP: 2/40 [kobold/dagger of chaos (1)]
  1364 | D:3      | Slain by a big kobold

Skill      XL: |  1  2  3  4 |
---------------+-------------+-----
Axes           | 3 4 |  4.4
Fighting       | 4 |  4.2
Armour         | 4 |  4.0
Dodging        | |  0.1
Shields        | |  3.8

Action                   |  1- 3 |  4- 6 || total
-------------------------+-------+-------++-------
Melee: War axe           |    87 |    39 ||   126
Armor: Scale mail        |     5 |       ||     5
       Chain mail        |    41 |    31 ||    72
Dodge: Dodged            |    21 |    11 ||    32
Block: Shield            |    55 |    20 ||    75
